 Dungeon Crawl Stone Soup version 0.18.1-48-g4cf74bf (webtiles) character file.

232 Nahar the Magician (level 5, 0/28 HPs)
             Began as a Deep Elf Air Elementalist on Aug 15, 2016.
             Slain by a worker ant (7 damage)
             ... on level 4 of the Dungeon.
             The game lasted 00:33:07 (4036 turns).

Nahar the Magician (Deep Elf Air Elementalist)      Turns: 4036, Time: 00:33:08

Health: 0/28       AC:  4    Str:  5    XL:     5   Next: 73%
Magic:  10/14      EV: 12    Int: 21    God:
Gold:   166        SH:  0    Dex: 15    Spells: 4 memorised, 5 levels left

rFire  . . .     SeeInvis .     (no weapon)
rCold  . . .     Gourm    .     j - +0 leather armour (curse)
rNeg   . . .     Faith    .     (no shield)
rPois  .         Spirit   .     (no helmet)
rElec  .         Dismiss  .     (no cloak)
rCorr  .         Reflect  .     h - +0 pair of gloves
SustAt .         Harm     .     (no boots)
MR     .....                    l - amulet of magic regeneration
Stlth  ++........               (no ring)
                                (no ring)

@: lethally poisoned (0 -> -11), not resistant to hostile enchantments,
unstealthy
A: no striking features
a: no special abilities


You were on level 4 of the Dungeon.
You were not hungry.

You visited 1 branch of the dungeon, and saw 4 of its levels.

You collected 166 gold pieces.

Inventory:

Armour
 a - a +0 robe
 d - a +0 ring mail
 e - a +0 shield
 g - a +0 robe
 h - a +0 pair of gloves (worn)
 j - a cursed +0 leather armour (worn)
Jewellery
 i - an uncursed amulet of harm
 l - an amulet of magic regeneration (around neck)
Wands
 f - a wand of teleportation (6/9)
 m - a wand of acid (9/15)
Scrolls
 k - a scroll of identify
 n - a scroll of recharging
Books
 b - a book of Air

   Spells                             Type                      Level
   a - Shock                          Conjuration/Air              1
   b - Swiftness                      Charms/Air                   2
   c - Repel Missiles                 Charms/Air                   2
   d - Static Discharge               Conjuration/Air              3
   e - Lightning Bolt                 Conjuration/Air              5
Comestibles
 c - a bread ration


   Skills:
 * Level 2.1 Armour
 + Level 2.9 Dodging
 + Level 2.9 Stealth
 * Level 4.7 Spellcasting
 + Level 2.5 Conjurations
 + Level 4.0 Air Magic


You had 5 spell levels left.
You knew the following spells:

 Your Spells              Type           Power        Failure   Level  Hunger
a - Shock                 Conj/Air       ###.         6%          1    None
b - Swiftness             Chrm/Air       ##......     14%         2    #......
c - Repel Missiles        Chrm/Air       ##....       14%         2    #......
d - Static Discharge      Conj/Air       ###.....     17%         3    ##.....


Dungeon Overview and Level Annotations

Branches:
Dungeon (4/15)
 Temple: D:4-7

Altars:
Ashenzari
Fedhas
Kikubaaqudgha
Yredelemnul


Message History

Press: ? - help, Shift-Dir - straight line, f/p - worker ant
Aim: a worker ant (severely wounded)
The zap hits the worker ant.
The worker ant is severely wounded.
You feel sick. The worker ant closely misses you.
Casting: Shock
Confirm with . or Enter, or press ? or * to list all spells.
Aiming: Shock
Press: ? - help, Shift-Dir - straight line, f/p - worker ant
Aim: a worker ant (severely wounded)
The zap hits the worker ant.
The worker ant is severely wounded.
The worker ant bites you.
You are lethally poisoned!
The worker ant poisons you!
* * * LOW HITPOINT WARNING * * *
You feel sick.
* * * LOW HITPOINT WARNING * * *
You feel sick. The worker ant bites you!
You die...

#...###########
####..........#
#.########.#
#.# ####.#
#.#####....#
#.##....####
#.##....#
#.##....#
#.##...@###
#....a.#
######'#
#.........?..
#............
....?........%.
.#.#+##########
#


You could see a worker ant.

Vanquished Creatures
  An orc wizard (D:4)
  Jessica (D:2)
  Robin (D:2)
  6 adders
  A gnoll (D:1)
  An ooze (D:2)
  2 worms
  2 dart slugs
  A giant gecko (D:3)
  2 orcs (D:4)
  A ball python (D:2)
  6 giant cockroaches
  16 goblins
  7 hobgoblins
  4 jackals (D:3)
  4 quokkas
  9 bats
  2 giant newts
  9 kobolds
  12 rats
88 creatures vanquished.

Notes
Turn   | Place    | Note
--------------------------------------------------------------
     0 | D:1      | Nahar the Deep Elf Air Elementalist began the quest for the Orb.
     0 | D:1      | Reached XP level 1. HP: 10/10 MP: 6/6
   108 | D:1      | Reached XP level 2. HP: 3/15 MP: 0/8
   666 | D:1      | Reached skill level 1 in Armour
   855 | D:1      | Learned a level 2 spell: Swiftness
   858 | D:1      | Learned a level 2 spell: Repel Missiles
  1089 | D:2      | Reached XP level 3. HP: 19/19 MP: 4/9
  1199 | D:2      | Learned a level 3 spell: Static Discharge
  1767 | D:2      | Reached XP level 4. HP: 11/24 MP: 8/11
  2037 | D:2      | Found an ancient bone altar of Kikubaaqudgha.
  2046 | D:2      | Found a shattered altar of Ashenzari.
  2401 | D:2      | Noticed Robin
  2538 | D:2      | Killed Robin
  2768 | D:2      | Noticed Jessica
  2774 | D:2      | Killed Jessica
  2774 | D:2      | Reached XP level 5. HP: 28/28 MP: 8/13
  2775 | D:2      | Found a basalt altar of Yredelemnul.
  3679 | D:3      | Found a blossoming altar of Fedhas.
  4036 | D:4      | Slain by a worker ant

Skill      XL: |  1  2  3  4  5 |
---------------+----------------+-----
Armour         | 1 2 |  2.1
Conjurations   | 2 |  2.5
Spellcasting   | 4 |  4.7
Air Magic      | 4 |  4.0
Dodging        | |  2.9
Stealth        | |  2.9

Action                   |  1- 3 |  4- 6 || total
-------------------------+-------+-------++-------
Melee: Unarmed           |     9 |    10 ||    19
 Cast: Shock             |    62 |   150 ||   212
  Use: Scroll            |     5 |     3 ||     8
       Potion            |     1 |       ||     1
 Stab: Sleeping          |     1 |       ||     1
  Eat: Fruit             |     4 |     2 ||     6
       Bread ration      |       |     1 ||     1
Armor: Ring mail         |    21 |    44 ||    65
       Leather armour    |       |     4 ||     4
Dodge: Dodged            |    26 |    65 ||    91
